 Dungeon Sprint DCSS version 0.22-a0-354-g30dfbe6 (webtiles) character file.

828 Kikal the Transmogrifier (level 7, -9/49 HPs)
             Began as a Vine Stalker Transmuter on Apr 16, 2018.
             Was an Initiate of Cheibriados.
             Mangled by a human (11 damage)
             ... in the Dungeon (Sprint III: "The Ten Rune Challenge").
             The game lasted 00:06:40 (1093 turns).

Kikal the Transmogrifier (Vine Stalker Transmuter)  Turns: 1093, Time: 00:06:40

Health: -9/49      AC:  6    Str: 14    XL:     7   Next: 97%
Magic:  0/19       EV: 11    Int: 16    God:    Cheibriados [......]
Gold:   19         SH:  0    Dex: 15    Spells: 4/22 levels left

rFire    x . .     SeeInvis .     - Unarmed
rCold    + + +     Gourm    .   (shield currently unavailable)
rNeg     . . .     Faith    .   (armour currently unavailable)
rPois    +         Spirit   +   (helmet currently unavailable)
rElec    .         Reflect  .   (cloak currently unavailable)
rCorr    .         Harm     .   (gloves currently unavailable)
MR       .....     NoTele   +   (boots currently unavailable)
Stlth    ++........             (no amulet)
HPRegen  0.56/turn              (no ring)
MPRegen  0.16/turn              (no ring)

@: ice-form, very slow
A: large, regeneration 1, magic shield, no potion heal 3, rot immunity
a: End Transformation, Bend Time, Renounce Religion


You were in the Dungeon.
You worshipped Cheibriados.
Cheibriados was noncommittal.
You were near starving.
You were a creature of crystalline ice.
You visited 1 branch You collected 19 gold pieces.

Inventory:

Hand Weapons
 k - a +4 whip
Missiles
 a - 10 arrows
Armour
 b - a +0 robe (melded)
Scrolls
 c - a scroll of immolation {unknown}
 g - 2 scrolls of identify
 i - a scroll of fog
 m - a scroll of torment {unknown}
 n - a scroll of remove curse
Potions
 e - 4 potions of curing
 f - 2 potions of heal wounds
 h - 2 potions of magic
 l - 3 potions of flight
 o - 5 potions of mutation
Miscellaneous
 j - a sack of spiders
Comestibles
 d - 5 rations


   Skills:
 - Level 6.7 Fighting
 + Level 3.6 Dodging
 + Level 3.0 Stealth
 + Level 7.6 Unarmed Combat
 - Level 8.1 Spellcasting
 - Level 9.2 Transmutations
 - Level 2.8 Ice Magic
 - Level 2.8 Poison Magic


You had 4 spell levels left.
You knew the following spells:

 Your Spells              Type           Power        Failure   Level  Hunger
a - Beastly Appendage     Tmut           #####.       1%          1    None
b - Sticks to Snakes      Tmut           #####...     1%          2    None
c - Spider Form           Tmut/Pois      ####......   2%          3    #......
d - Blade Hands           Tmut           #####.....   7%          5    #####..
e - Ice Form              Ice/Tmut       ####....     9%          4    ###....
f - Confusing Touch       Hex            #.....       11%         1    None
g - Blink                 Tloc           N/A          17%         2    None


Dungeon Overview and Level Annotations

Branches:
Dungeon (1/1)

Altars:
Cheibriados
Elyvilon
Fedhas
Gozag
Hepliaklqana
Kikubaaqudgha
Makhleb
Nemelex Xobeh
Okawaru
Qazlal
Sif Muna
Trog
Uskayaw
Vehumet
Wu Jian
Xom
Zin
The Shining One
Beogh
Jiyva
Lugonu


Innate Abilities, Weirdness & Mutations

((You have extremely sharp teeth.))
Your natural rate of healing is unusually fast.
When hurt, damage is shared between your health and your magic reserves.
((Your bite disrupts and absorbs the magic of your enemies.))
Potions cannot restore your health.
You are immune to rotting.


Message History

You closely miss the human. The human hits you!
You take 7 damage, and have 28/49 hp.
You now have 9/19 mp.
You closely miss the human. The human hits you! x2
* * * LOW HITPOINT WARNING * * *
You take 19 damage, and have 9/49 hp.
MASSIVE DAMAGE!!
You now have 3/19 mp.
The human hits you!
* * * LOW HITPOINT WARNING * * *
The human closely misses you.
You take 6 damage, and have 3/49 hp.
You now have 0/19 mp.
Okay, then.
The human misses you.
You hit the human. You freeze the human. The human misses you.
The human closely misses you. The human misses you.
The human hits you but does no damage.
There is an open door to the Ecumenical Temple here.
You barely miss the human. The human barely misses you. The human hits you.
* * * LOW HITPOINT WARNING * * *
The human hits you!
You die...

▓▓▓▓▓▓▓ ▓▓▓ ..#...####
##.#########
..#......#####..#___#___#
.##.....).#..#..#)..#__)#
#)##.##...#..#..###'#'###+##
#.##.###..##'#..#p.........#
.####.##..###...Yp⌠........#
###..##..####...#...######'#
.....##..###....#.⌠.#__#...#
##..##...##.....#...#__#...#
#..##....#......#)###__#...#
..###..##.#.....#...#__#...+
..# #..#####....#___#__'...#
▓▓▓ ▓▓▓▓ ▓▓▓▓▓▓▓▓▓▓▓▓▓▓▓▓▓


You could see 2 humans.

Vanquished Creatures
  A deep elf mage (D)
  A shadow (D)
  A spatial vortex (D)
  A water elemental (D)
  A jelly (D)
  A wizard (D)
  Jessica (D)
  A human (D)
  A kobold demonologist (D)
  2 oozes (D)
  A phantom (D)
  A rat (D)
13 creatures vanquished.

Vanquished Creatures (others)
  2 draconian scorchers (D)
  6 hellions (D)
  A yaktaur (D)
  3 plants (D)
12 creatures vanquished.

Grand Total: 25 creatures vanquished

Notes
Turn   | Place    | Note
-------+----------+-------------------------------------------
     0 | D        | Kikal the Vine Stalker Transmuter began the quest for the Orb.
     0 | D        | Reached XP level 1. HP: 9/9 MP: 4/4
   118 | D        | Killed a hellion
   156 | D        | Killed a hellion
   193 | D        | Killed a white draconian scorcher
   212 | D        | Killed a white draconian scorcher
   295 | D        | Killed a hellion
   329 | D        | Reached skill level 3 in Transmutations
   329 | D        | Reached XP level 2. HP: 12/14 MP: 5/7
   333 | D        | Learned a level 2 spell: Sticks to Snakes
   336 | D        | Killed a hellion
   347 | D        | Killed a hellion
   375 | D        | Killed a hellion
   376 | D        | Noticed Jessica
   384 | D        | Killed Jessica
   384 | D        | Reached skill level 5 in Unarmed Combat
   384 | D        | Reached skill level 4 in Transmutations
   384 | D        | Reached XP level 3. HP: 6/17 MP: 3/8
   413 | D        | Killed a yaktaur
   624 | D        | Reached skill level 5 in Transmutations
   624 | D        | Gained mutation: Your natural rate of healing is unusually fast. [Vine Stalker growth]
   624 | D        | Reached XP level 4. HP: 8/21 MP: 6/9
   651 | D        | Learned a level 3 spell: Spider Form
   685 | D        | Noticed a water elemental
   690 | D        | Killed a water elemental
   690 | D        | Reached skill level 6 in Transmutations
   694 | D        | Found a glowing silver altar of Zin.
   695 | D        | Found a glowing golden altar of the Shining One.
   695 | D        | Found a white marble altar of Elyvilon.
   695 | D        | Noticed a deep elf mage
   703 | D        | Killed a deep elf mage
   703 | D        | Reached skill level 9 in Transmutations
   703 | D        | Reached XP level 5. HP: 25/32 MP: 6/16
   703 | D        | Reached XP level 6. HP: 29/37 MP: 6/18
   703 | D        | Reached XP level 7. HP: 33/41 MP: 6/19
   787 | D        | Learned a level 5 spell: Blade Hands
   792 | D        | Learned a level 4 spell: Ice Form
   799 | D        | Found a radiant altar of Vehumet.
   799 | D        | Found a deep blue altar of Sif Muna.
   799 | D        | Found an ancient bone altar of Kikubaaqudgha.
   802 | D        | Noticed a soul eater
   805 | D        | Noticed a rust devil
   807 | D        | Noticed an orange demon
   847 | D        | Noticed a sun demon
   850 | D        | Reached skill level 1 in Ice Magic
   850 | D        | Reached skill level 1 in Poison Magic
   971 | D        | Learned a level 1 spell: Confusing Touch
   974 | D        | Learned a level 2 spell: Blink
   988 | D        | Noticed a shadow
   998 | D        | Killed a shadow
  1006 | D        | Found a blossoming altar of Fedhas.
  1006 | D        | Found a stormy altar of Qazlal.
  1006 | D        | Found a snail-covered altar of Cheibriados.
  1006 | D        | Found a burning altar of Makhleb.
  1006 | D        | Found a shimmering altar of Xom.
  1007 | D        | Noticed a spatial vortex
  1008 | D        | Found a hazy altar of Hepliaklqana.
  1008 | D        | Found an opulent altar of Gozag.
  1008 | D        | Found a sparkling altar of Nemelex Xobeh.
  1008 | D        | Found a corrupted altar of Lugonu.
  1008 | D        | Found a viscous altar of Jiyva.
  1011 | D        | Became a worshipper of Cheibriados the Contemplative
  1013 | D        | Killed a spatial vortex
  1078 | D        | Found a hide-covered altar of Uskayaw.
  1078 | D        | Found a roughly hewn altar of Beogh.
  1078 | D        | Found an iron altar of Okawaru.
  1078 | D        | Found a bloodstained altar of Trog.
  1078 | D        | Found an ornate altar of the Wu Jian Council.
  1078 | D        | Noticed a human
  1079 | D        | Noticed a human
  1093 | D        | HP: 2/49 [human (5)]
  1093 | D        | Mangled by a human

Vault maps used:
D:        dungeon_sprint_mu

Skill      XL: |  1  2  3  4  5  6  7 |
---------------+----------------------+-----
Spellcasting   | 3 8 |  8.1
Transmutations | 3 4 5 9 |  9.2
Unarmed Combat | 5 7 |  7.6
Fighting       | 6 |  6.7
Dodging        | 3 |  3.6
Ice Magic      | 2 |  2.8
Poison Magic   | 2 |  2.8
Stealth        | 3 |  3.0

Action                   |  1- 3 |  4- 6 |  7- 9 || total
-------------------------+-------+-------+-------++-------
Melee: Unarmed           |    25 |    10 |    31 ||    66
       Kick              |     3 |       |       ||     3
       Bite              |     6 |       |     2 ||     8
       Headbutt          |     1 |       |       ||     1
       Punch             |       |       |     1 ||     1
 Cast: Beastly Appendage |     3 |       |       ||     3
       Sticks to Snakes  |     2 |       |       ||     2
       Spider Form       |       |     1 |       ||     1
       Blade Hands       |       |       |     2 ||     2
       Ice Form          |       |       |     2 ||     2
  Use: Potion            |     1 |     1 |       ||     2
       Scroll            |       |       |     3 ||     3
 Stab: Sleeping          |     1 |     1 |     1 ||     3
Armor: Robe              |     2 |       |     2 ||     4
       Skin              |       |       |     2 ||     2
Dodge: Dodged            |     5 |     3 |    22 ||    30

Table legend:
 A = Spawn XP
 B = Non-spawn XP
 C = Spawn XP percentage of total XP
 D = Spawn monster count
 E = Non-spawn monster count
 F = Spawn count percentage of total count
 G = Total turns spent on level
                    A         B        C        D         E        F      G
               +---------+---------+-------+---------+---------+-------+---------
         Total |       0 |    1184 |   0.0 |       0 |      13 |   0.0 |  1093
               +---------+---------+-------+---------+---------+-------+---------
             D |       0 |    1184 |   0.0 |       0 |      13 |   0.0 |  1093
               +---------+---------+-------+---------+---------+-------+---------
